 Dungeon Crawl Stone Soup version 0.30.0-19-g36f170ea60 (webtiles) character file.

Game seed: 12981168205669498386

15155 Sabo the Fighter (level 11, -11/87 HPs)
             Began as a Demonspawn Berserker on May 29, 2023.
             Was a High Priest of Trog.
             Killed from afar by Azrael (37 damage)
             ... with a bolt of fire
             ... on level 12 of the Dungeon on May 30, 2023.
             The game lasted 01:12:37 (16521 turns).

Sabo the Fighter (Demonspawn Berserker)            Turns: 16521, Time: 01:12:40

Health: -11/87     AC: 15    Str: 26    XL:     11   Next: 98%
Magic:  11/11      EV: 13    Int:  7    God:    Trog [*****.]
Gold:   720        SH:  4    Dex: 10    Spells: 10/10 levels left

rFire   . . .        O - +9 battleaxe (freeze)
rCold   . . .        (shield currently unavailable)
rNeg    . . .        x - +3 ring mail {Will+}
rPois   +            I - +2 hat
rElec   .            (no cloak)
rCorr   +            (no gloves)
SInv    .            y - +2 pair of boots
Will    +....        s - amulet of the acrobat
Stlth   +            G - ring of flight
HPRegen 0.34/turn    U - ring of resist corrosion
MPRegen 0.12/turn

%: acrobat
@: flying
A: antennae 1, large bone plates 1, demonic guardian 3, spiny 1, clumsy 1,
poison resistance, strong 1
a: Renounce Religion, Berserk, Trog's Hand, Brothers in Arms


You were on level 12 of the Dungeon.
You worshipped Trog.
Trog was extremely pleased with you.
You visited 1 branch of the dungeon, and saw 12 of its levels.

You collected 720 gold pieces.

Inventory:

Hand Weapons
 a - a +4 scimitar of flaming
 d - a +1 whip of electrocution
 k - a +4 great sword
 C - a +2 rapier of flaming
 D - the +5 sling of the Arena {freeze, rF++ rC-}
   (You found it on level 6 of the Dungeon)

   rF:        It greatly protects you from fire.
   rC:        It makes you vulnerable to cold.
 F - a +4 spear
 J - the +1 quarterstaff "Raohae" {flame, rPois}
   (You found it on level 9 of the Dungeon)

   rPois:     It protects you from poison.
 O - a +9 battleaxe of freezing (weapon)
 Q - a +5 heavy glaive
Missiles
 n - 15 poisoned darts (quivered)
 v - a curare-tipped dart
 z - 8 javelins
 M - 3 datura-tipped darts
Armour
 x - a +3 ring mail of willpower (worn)
 y - a +2 pair of boots (worn)
 I - a +2 hat (worn)
 K - a +0 hat of see invisible
Jewellery
 s - an amulet of the acrobat (around neck)
 G - a ring of flight (left hand)
 U - a ring of resist corrosion (right hand)
Wands
 p - a wand of polymorph (10)
 q - a wand of flame (37)
 t - a wand of charming (21)
 S - a wand of mindburst (12)
Scrolls
 f - 4 scrolls of poison
 g - a scroll of fear
 i - a scroll of magic mapping
 B - 4 scrolls of fog
 L - 3 scrolls of butterflies
 N - 2 scrolls of teleportation
Potions
 b - 2 potions of lignification
 e - a potion of heal wounds
 m - a potion of cancellation
 o - a potion of flight
 u - 4 potions of mutation
 A - a potion of ambrosia {unknown}
 E - a potion of curing {unknown}
 T - a potion of haste {unknown}


   Skills:
 + Level 8.5 Fighting
 + Level 8.2 Short Blades
 + Level 8.4 Axes
 + Level 1.0 Throwing
 + Level 8.5 Armour
 + Level 6.4 Dodging
 + Level 3.2 Stealth
 + Level 4.5 Shields
 + Level 0.5 Unarmed Combat


You had 10 spell levels left.
You didn't know any spells.
Your spell library was empty.

Dungeon Overview and Level Annotations

Branches:
Dungeon (12/15)            Temple (0/1) D:7            Lair (0/5) D:10
    Orc (0/2) D:10

Altars:
Cheibriados
Dithmenos
Kikubaaqudgha
Okawaru
Qazlal
Ru
Sif Muna
Trog
Wu Jian
Xom
Yredelemnul

Shops:
D:2 =   D:3 !   D:4 =

Annotations:
D:12 Azrael


Innate Abilities, Weirdness & Mutations

You have a pair of small antennae on your head.
You are partially covered in large bone plates. (SH +4)
A powerful demonic guardian rushes to your aid.
You are partially covered in sharp spines.
You are clumsy. (Dex -2)
Your system is resistant to poisons. (rPois)
Your muscles are strong. (Str +4, Int/Dex -1)


Message History

A fire elemental comes into view.
Found an amulet of faith.
Azrael and 3 fire elementals come into view.
Azrael is wielding a +4 scimitar of flaming.
Azrael gestures at you.
The sphere of damnation explodes!
The damnation engulfs you!!
The fire elemental moves out of view.
A fire elemental comes into view.
The fire elemental is struck by your spines.
The fire elemental closely misses you.
You slice the fire elemental!! You freeze the fire elemental!!
You destroy the fire elemental!
Trog accepts your kill.
You hit the fire elemental. You freeze the fire elemental.
The fire elemental is moderately damaged.
The fire elemental hits you. The fire elemental burns you!
A bat zombie comes into view.
A fire elemental comes into view.
You block the fire elemental's attack.
You barely miss the fire elemental.
The fire elemental is moderately damaged.
The fire elemental is struck by your spines.
The fire elemental hits you. The fire elemental burns you!
The fire elemental hits you. The fire elemental burns you!
You hit the fire elemental. You freeze the fire elemental.
The fire elemental is almost destroyed.
The fire elemental misses you.
You hit the fire elemental. You freeze the fire elemental.
You destroy the fire elemental!
Trog accepts your kill.
The fire elemental is struck by your spines.
The fire elemental hits you. The fire elemental burns you!
* * * LOW HITPOINT WARNING * * *
Azrael gestures at you.
The bolt of fire hits the fire elemental.
The fire elemental completely resists.
The bolt of fire hits the fire elemental.
The fire elemental completely resists.
The bolt of fire hits the fire elemental.
The fire elemental completely resists.
The bolt of fire hits you!!!
You die...

##°○.E..# ...
.E. #.°○..
#°#☼# #.##○R○#
#.##E# #.##E#{
###### #.##E#
)....####
#.##@#
####....#
#.##.# #.##.#
#.##.#
#.##.#####....#
####.......####
#########


You could see Azrael and 3 fire elementals.

Vanquished Creatures
  Erolcha (D:11)
  3 two-headed ogres (D:11)
  Pikel (D:4)
  Joseph (D:7)
  2 gargoyles
  An unseen horror (D:12)
  6 trolls
  A vampire (D:10)
  A slime creature (D:11)
  4 yaks (D:9)
  A wraith (D:11)
  2 fire elementals (D:12)
  2 steam dragons (D:8)
  4 vampire mosquitoes (D:11)
  2 acid dragons
  A water moccasin (D:8)
  3 sky beasts
  5 orc warriors
  2 black bears
  2 centaurs
  4 ogres
  3 phantoms
  3 kobold brigands
  5 bullfrogs
  A scorpion (D:6)
  9 wights
  10 killer bees
  3 electric eels (D:10)
  6 howler monkeys
  3 jellies
  4 hounds
  7 orc priests
  A gnoll bouda (D:6)
  A sleepcap (D:5)
  An iguana (D:5)
  Ijyb (D:3)
  12 orc wizards
  5 gnolls (D:6)
  6 adders
  A white imp (D:7)
  An ufetubus (D:7)
  3 worms
  4 dart slugs
  57 orcs
  3 bats (D:2)
  2 endoplasms
  2 giant cockroaches
  4 goblins
  3 hobgoblins
  14 jackals
  3 quokkas
  6 ball pythons
  2 frilled lizards
  22 kobolds
  6 rats
  A spectral weapon (D:11)
264 creatures vanquished.

Vanquished Creatures (collateral kills)
  Gastronok (D:8)
  Erica (D:11)
  An ugly thing (D:11)
  A steam dragon (D:8)
  2 sky beasts
  A black bear (D:5)
  2 phantoms
  3 wights
  2 electric eels (D:10)
  2 orc wizards
  An adder (D:4)
  6 orcs
  2 butterflies (D:7)
25 creatures vanquished.

Vanquished Creatures (others)
  Psyche (D:10)
  A bat zombie (D:12)
  2 kobolds (D:10)
4 creatures vanquished.

Grand Total: 293 creatures vanquished

Notes
Turn   | Place    | Note
-------+----------+-------------------------------------------
     0 | D:1      | Sabo the Demonspawn Berserker began the quest for the Orb.
     0 | D:1      | Reached XP level 1. HP: 18/18 MP: 1/1
    39 | D:1      | HP: 1/27 [quokka (2)]
   126 | D:1      | Gained mutation: A weak demonic guardian rushes to your
                  | aid. [demonic ancestry]
   126 | D:1      | Reached XP level 2. HP: 14/24 MP: 2/2
   680 | D:1      | Gained mutation: A demonic guardian rushes to your aid.
                  | [demonic ancestry]
   680 | D:1      | Reached XP level 3. HP: 28/29 MP: 3/3
  1347 | D:2      | Reached ** piety under Trog
  1904 | D:2      | Found Soextal's Jewellery Emporium.
  2212 | D:3      | Identified the +1 leather armour "Uvezem" {Drain Fly
                  | Stlth+}
  2317 | D:3      | Found an iron altar of Okawaru.
  2381 | D:3      | Reached skill level 1 in Short Blades
  2381 | D:3      | Gained mutation: A powerful demonic guardian rushes to your
                  | aid. [demonic ancestry]
  2381 | D:3      | Reached XP level 4. HP: 24/35 MP: 4/4
  2857 | D:3      | Found Daesock's Distillery.
  2920 | D:3      | Noticed Ijyb
  2934 | D:3      | Killed Ijyb
  2984 | D:3      | Found a shadowy altar of Dithmenos.
  2993 | D:3      | Gained mutation: You are partially covered in large bone
                  | plates. (SH +4) [demonic ancestry]
  2993 | D:3      | Reached XP level 5. HP: 42/42 MP: 5/5
  3155 | D:4      | Noticed a black bear
  3160 | D:4      | Noticed a lemure
  3161 | D:4      | Noticed Pikel
  3161 | D:4      | Noticed a lemure
  3162 | D:4      | Noticed a lemure
  3175 | D:3      | Killed a black bear
  3449 | D:4      | Killed Pikel
  3450 | D:4      | Reached skill level 1 in Shields
  3450 | D:4      | Gained mutation: You have a pair of small antennae on your
                  | head. [demonic ancestry]
  3450 | D:4      | Reached XP level 6. HP: 20/48 MP: 6/6
  3450 | D:4      | Reached XP level 7. HP: 22/54 MP: 7/7
  3710 | D:4      | Reached *** piety under Trog
  3711 | D:4      | Reached skill level 5 in Armour
  3732 | D:4      | Found an ornate altar of the Wu Jian Council.
  3739 | D:4      | Noticed a spectral centipede
  3739 | D:4      | Noticed a spectral black mamba
  3739 | D:4      | Noticed a spectral cane toad
  4126 | D:4      | Found Wag Sut's Jewellery Shop.
  4848 | D:5      | Entered Level 5 of the Dungeon
  4991 | D:5      | Gained mutation: You are partially covered in sharp spines.
                  | [demonic ancestry]
  4991 | D:5      | Reached XP level 8. HP: 60/61 MP: 8/8
  5636 | D:5      | Found an ancient bone altar of Kikubaaqudgha.
  5681 | D:5      | Reached skill level 5 in Fighting
  6096 | D:6      | Reached skill level 1 in Stealth
  6260 | D:6      | Reached **** piety under Trog
  6266 | D:6      | Reached skill level 5 in Short Blades
  6515 | D:6      | Reached XP level 9. HP: 56/68 MP: 9/9
  6841 | D:6      | Reached skill level 1 in Throwing
  6947 | D:6      | Found a shimmering blue altar of Sif Muna.
  7189 | D:6      | Identified the +5 sling of the Arena {freeze, rF++ rC-}
  8179 | D:7      | Found a staircase to the Ecumenical Temple.
  8374 | D:7      | Noticed a troll
  8389 | D:7      | Killed a troll
  8405 | D:7      | Noticed Joseph
  8419 | D:7      | Killed Joseph
  8420 | D:7      | Reached XP level 10. HP: 60/77 MP: 10/10
  8564 | D:7      | Found a bloodstained altar of Trog.
  8571 | D:7      | Found a stormy altar of Qazlal.
  9917 | D:8      | Noticed Gastronok
  9937 | D:8      | Killed Gastronok
  9938 | D:8      | Reached skill level 5 in Dodging
 10424 | D:8      | Found a snail-covered altar of Cheibriados.
 10850 | D:9      | Found a basalt altar of Yredelemnul.
 11242 | D:9      | Reached ***** piety under Trog
 11522 | D:9      | Identified the +1 quarterstaff "Raohae" {flame, rPois}
 11556 | D:9      | Found a shimmering altar of Xom.
 12029 | D:10     | Entered Level 10 of the Dungeon
 12414 | D:10     | Reached XP level 11. HP: 64/85 MP: 11/11
 12507 | D:10     | Found a staircase to the Orcish Mines.
 12514 | D:10     | Reached skill level 5 in Axes
 12713 | D:10     | Received a gift from Trog
 12925 | D:10     | Noticed Psyche
 12935 | D:10     | Killed Psyche
 13169 | D:10     | Found a sacrificial altar of Ru.
 13783 | D:10     | Found a staircase to the Lair.
 14365 | D:11     | Noticed a white ugly thing
 14376 | D:11     | Killed a white ugly thing
 14482 | D:11     | Noticed a two-headed ogre
 14485 | D:11     | Killed a two-headed ogre
 14747 | D:11     | Noticed Erica
 14756 | D:11     | Gained mutation: You are clumsy. (Dex -2) [potion of
                  | mutation]
 14756 | D:11     | Gained mutation: Your system is resistant to poisons.
                  | (rPois) [potion of mutation]
 14756 | D:11     | Gained mutation: Your muscles are strong. (Str +4, Int/Dex
                  | -1) [potion of mutation]
 14759 | D:11     | HP: 4/86 [poisoned by Erica (bolt of poison)]
 14767 | D:11     | Killed Erica
 15191 | D:11     | Noticed Erolcha
 15197 | D:11     | HP: 2/86 [something (27)]
 15198 | D:11     | Killed Erolcha
 15607 | D:11     | Noticed a two-headed ogre
 15607 | D:11     | Noticed a two-headed ogre
 15613 | D:11     | Killed a two-headed ogre
 15613 | D:11     | Killed a two-headed ogre
 16511 | D:12     | Noticed Azrael
 16521 | D:12     | Killed from afar by Azrael

Illustrated notes

Levels and vault maps discovered:
D:1:      minmay_arrival_up_and_down, layout_loops_ring, serial_bayou_pond_a,
          skrybe_limestone_x, minivault_19
D:2:      layout_loops_ring, serial_shops, shop
D:3:      layout_basic, nicolae_overflow_crystal_walls,
          mainiacjoe_overflow_catwalk, serial_shops, shop, uniq_ijyb
D:4:      layout_loops_corners, pdpol_wu_jian_five_deadly_venoms,
          elyvilon_altar_1, serial_shops, nicolae_shop_gaudy_bauble,
          nicolae_elevator_lobby_plus, uniq_pikel
D:5:      layout_gridville, mainiacjoe_overflow_24_doors
D:6:      kb_forest_paths, layout_basic, kennysheep_mini,
          kennysheep_orc_sif_temple
D:7:      layout_rooms, mainiacjoe_overflow_catwalk_spiral,
          minmay_temple_entry_butterflies, grunt_ministairs_9, uniq_joseph
D:8:      layout_basic, slow_altar_1, kennysheep_generic_room_10, uniq_gastronok
D:9:      layout_small_grid, brannock_xom_greatest_gift,
          yredelemnul_altar_generic
D:10:     layout_basic, mainiacjoe_overflow_small_starburst, lair_entry_dummy,
          hiddenorc2_lemuel, serial_glass, glass_columns_c, glass_columns_b,
          uniq_psyche
D:11:     layout_roguey, uniq_erolcha, uniq_erica
D:12:     layout_basic, lemuel_zombie_altar_kikubaaqudgha, uniq_azrael

Skill      XL: |  1  2  3  4  5  6  7  8  9 10 11 |
---------------+----------------------------------+-----
Axes           | 3 4 8 |  8.4
Dodging        | 2 3 4 5 6 |  6.4
Armour         | 2 3 4 5 6 7 8 |  8.5
Short Blades   | 1 3 5 6 8 |  8.2
Fighting       | 4 5 6 7 8 |  8.5
Shields        | 1 2 3 4 |  4.5
Stealth        | 1 2 3 |  3.2
Throwing       | 1 |  1.0
Unarmed Combat | |  0.5

Action                     |  1- 3 |  4- 6 |  7- 9 | 10-12 || total
---------------------------+-------+-------+-------+-------++-------
  Melee: Hand axe          |    30 |       |       |       ||    30
         Short sword       |   119 |   126 |   177 |       ||   422
         Punch             |       |     6 |     3 |       ||     9
         Unarmed           |       |     2 |       |       ||     2
         Battleaxe         |       |       |    19 |   200 ||   219
         Rapier            |       |       |   149 |   103 ||   252
  Throw: Dart              |       |       |     6 |     1 ||     7
 Invoke: Berserk           |     3 |     1 |     2 |     1 ||     7
    Use: Scroll            |     3 |       |     5 |    11 ||    19
         Potion            |       |       |     2 |     7 ||     9
   Stab: Distracted        |       |       |       |     1 ||     1
 Armour: Animal skin       |     9 |       |       |       ||     9
         Ring mail         |    21 |       |    75 |   118 ||   214
         Chain mail        |    26 |    60 |    55 |       ||   141
  Dodge: Dodged            |    84 |    66 |   195 |   220 ||   565
  Block: Other             |       |    17 |    55 |    50 ||   122
